 Dungeon Crawl Stone Soup version 0.21-a0-417-g0adc95b (webtiles) character file.

723 papiloppo the Chopper (level 7, -14/63 HPs)
             Began as a Minotaur Berserker on Nov 3, 2017.
             Was an Elder of Trog.
             Demolished by an ogre
             ... wielding a +0 giant spiked club
              (27 damage)
             ... on level 4 of the Dungeon.
             The game lasted 00:11:14 (3059 turns).

papiloppo the Chopper (Minotaur Berserker)          Turns: 3059, Time: 00:11:14

Health: -14/63     AC:  7    Str: 24    XL:     7   Next: 43%
Magic:  6/6        EV: 13    Int:  4    God:    Trog [****..]
Gold:   183        SH:  0    Dex:  9    Spells: 6/6 levels left

rFire    . . .     SeeInvis .   j - +0 war axe
rCold    . . .     Gourm    .   (no shield)
rNeg     . . .     Faith    .   i - +1 ring mail
rPois    .         Spirit   .   (helmet restricted)
rElec    .         Reflect  .   (no cloak)
rCorr    .         Harm     .   (no gloves)
MR       .....                  (no boots)
Stlth    ..........             (no amulet)
HPRegen  0.20/turn              (no ring)
MPRegen  0.10/turn              (no ring)

@: no status effects
A: retaliatory headbutt, horns 2
a: Berserk, Trog's Hand, Brothers in Arms, Burn Spellbooks, Renounce Religion


You were on level 4 of the Dungeon.
You worshipped Trog.
Trog was greatly pleased with you.
You were not hungry.

You visited 1 branch of the dungeon, and saw 4 of its levels.
You also visited: Sewer.

You collected 183 gold pieces.

Inventory:

Hand Weapons
 a - a +0 hand axe
 f - a +3 hand axe
 j - a +0 war axe (weapon)
Armour
 b - a +0 animal skin
 i - a +1 ring mail (worn)
Wands
 q - a wand of confusion (18/48)
Scrolls
 d - 3 scrolls of identify
 m - a scroll of teleportation
 p - a scroll of magic mapping
 u - a scroll of enchant armour
Potions
 e - a potion of berserk rage
 g - a potion of lignification {unknown}
 k - a potion of experience {unknown}
 l - 2 potions of heal wounds {unknown}
 o - 3 potions of curing {unknown}
 r - 2 potions of brilliance {unknown}
 s - 2 potions of flight {unknown}
 t - a potion of cancellation {unknown}
Books
 n - a Necronomicon

   Spells                             Type                      Level
   a - Haunt                          Necromancy/Summoning         7
   b - Borgnjor's Revivification      Necromancy                   8
   c - Death's Door                   Charms/Necromancy            8
   d - Infestation                    Necromancy                   8
   e - Necromutation                  Transmutation/Necromancy     8
   Trog disapproves of the use of such an item.
Comestibles
 c - a bread ration
 h - a meat ration


   Skills:
 + Level 6.2 Fighting
 + Level 6.2 Axes
 + Level 5.3 Armour
 + Level 4.8 Dodging


You had 6 spell levels left.
You didn't know any spells.

Dungeon Overview and Level Annotations

Branches:
Dungeon (4/15)             Temple (0/1) D:4

Altars:
Kikubaaqudgha
Nemelex Xobeh
Xom


Innate Abilities, Weirdness & Mutations

You reflexively headbutt those who attack you in melee.
You have a pair of horns on your head.


Message History

The ogre shouts!
A phantom comes into view.
There are monsters nearby!
The phantom moves out of view.
A bullfrog skeleton comes into view.
The ogre hits you with a giant spiked club!!
Found an emerald potion.
You completely miss the ogre.
The ogre hits you with a giant spiked club!!
* * * LOW HITPOINT WARNING * * *
You are too injured to fight recklessly!
You are too injured to fight recklessly!
The phantom blinks!
You slash the ogre!
The ogre is heavily wounded.
The ogre misses you. You furiously retaliate!
You headbutt the ogre.
Your ring mail prevents you from hitting the ogre.
The ogre is heavily wounded.
The ogre hits you with a giant spiked club!!
You die...

..,* #############*,,,,,,,,,,
...#######............,,,,,,,**,,
.....................,,,,********
.......###.........#****** #####
...###......)......# #....
##.#...............### #....
##...................##### #....
#......###.........#.....## #....
.......# #......@Z.#####..###....
.####.## ######.#O.........).....
....).#** #.#.#########).....
((.##...#***###.#.#######........
...###......#.....W........§§..##
...# *#.....#........####..§...#*
#### *#.............# #......#, #
*.............####.....##, #
******....#........W...##..##*,


You could see a phantom, an ogre and a bullfrog skeleton.

Vanquished Creatures
  2 ogres (D:4)
  A big kobold (Sewer)
  A scorpion (D:4)
  2 vampire bats (D:3)
  An orc priest (D:4)
  2 centaur skeletons (D:4)
  An iguana (D:4)
  An orc wizard (D:4)
  A hound skeleton (D:4)
  7 adders
  A river rat (Sewer)
  2 oozes
  3 worms
  2 dart slugs
  3 leopard geckos
  8 orcs
  2 ball pythons
  10 bats
  3 bat skeletons (D:3)
  2 bat zombies (D:3)
  7 giant cockroaches
  6 goblins
  8 hobgoblins
  12 jackals
  6 kobolds
  5 frilled lizards
  14 rats
113 creatures vanquished.

Notes
Turn   | Place    | Note
-------+----------+-------------------------------------------
     0 | D:1      | papiloppo the Minotaur Berserker began the quest for the Orb.
     0 | D:1      | Reached XP level 1. HP: 19/19 MP: 0/0
   171 | D:1      | Reached XP level 2. HP: 24/27 MP: 1/1
   544 | D:1      | Reached XP level 3. HP: 33/33 MP: 2/2
   555 | D:1      | Reached ** piety under Trog
  1262 | D:2      | Reached XP level 4. HP: 41/41 MP: 3/3
  1315 | D:2      | Found a sparkling altar of Nemelex Xobeh.
  1869 | D:3      | Found a faded altar of an unknown god.
  1886 | D:3      | Reached *** piety under Trog
  1920 | D:3      | Found a glowing drain.
  1954 | D:3      | Reached XP level 5. HP: 47/47 MP: 4/4
  1960 | Sewer    | Entered a sewer
  2030 | Sewer    | Reached skill level 5 in Fighting
  2030 | Sewer    | Reached skill level 5 in Axes
  2092 | Sewer    | Found a white marble altar of Elyvilon.
  2179 | D:3      | Found an ancient bone altar of Kikubaaqudgha.
  2185 | D:3      | Reached XP level 6. HP: 55/56 MP: 5/5
  2455 | D:3      | Found a shimmering altar of Xom.
  2748 | D:3      | You fall through a shaft!
  2926 | D:4      | Reached XP level 7. HP: 62/62 MP: 6/6
  2948 | D:4      | Found a staircase to the Ecumenical Temple.
  2950 | D:4      | Reached skill level 5 in Armour
  2959 | D:4      | Reached **** piety under Trog
  3059 | D:4      | Demolished by an ogre

Vault maps used:
D:1:      dpeg_arrival_arbitrary_c
D:2:      nemelex_xobeh_ov_fountains_minmay
D:3:      kennysheep_vampire_church, chequers_ecumenical_altar_twisty,
          portal_sewer_entry_c, tgw_xom
D:4:      lightli_temple_of_fire, minmay_temple_entry_purple_smoke,
          item_on_display_a
Sewer:    sewer_kobolds

Skill      XL: |  1  2  3  4  5  6  7 |
---------------+----------------------+-----
Axes           | 4 5 6 |  6.2
Fighting       | 4 5 6 |  6.2
Armour         | 3 4 5 |  5.3
Dodging        | 3 4 |  4.8

Action                   |  1- 3 |  4- 6 |  7- 9 || total
-------------------------+-------+-------+-------++-------
Melee: Hand axe          |    68 |   130 |    17 ||   215
       Headbutt          |     8 |    17 |     4 ||    29
       War axe           |       |       |     3 ||     3
  Use: Scroll            |       |     7 |       ||     7
  Eat: Bread ration      |     1 |     1 |       ||     2
       Chunk             |       |     1 |       ||     1
Armor: Animal skin       |    10 |       |       ||    10
       Ring mail         |    10 |    51 |     3 ||    64
Dodge: Dodged            |    47 |    97 |     8 ||   152

Table legend:
 A = Spawn XP
 B = Non-spawn XP
 C = Spawn XP percentage of total XP
 D = Spawn monster count
 E = Non-spawn monster count
 F = Spawn count percentage of total count
 G = Total turns spent on level
                    A         B        C        D         E        F      G
               +---------+---------+-------+---------+---------+-------+---------
         Total |       0 |    1033 |   0.0 |       0 |     113 |   0.0 |  3059
               +---------+---------+-------+---------+---------+-------+---------
           D:1 |       0 |      57 |   0.0 |       0 |      29 |   0.0 |   925
           D:2 |       0 |      81 |   0.0 |       0 |      23 |   0.0 |   767
           D:3 |       0 |     227 |   0.0 |       0 |      33 |   0.0 |   877
           D:4 |       0 |     540 |   0.0 |       0 |      18 |   0.0 |   311
         Sewer |       0 |     128 |   0.0 |       0 |      10 |   0.0 |   179
               +---------+---------+-------+---------+---------+-------+---------
